 Dungeon Crawl Stone Soup version 0.30-a0-1114-gd936c97349 (webtiles) character file.

Game seed: 11313926715451445150

30 Newt the Shooter (level 3, 0/24 HPs)
             Began as a Kobold Hunter on Apr 20, 2023.
             Slain by Crazy Yiuf
             ... wielding a +3 quarterstaff of chaos
              (11 damage)
             ... on level 2 of the Dungeon.
             The game lasted 00:00:57 (991 turns).

Newt the Shooter (Kobold Hunter)                     Turns: 991, Time: 00:00:58

Health: 0/24       AC:  7    Str:  8    XL:     3   Next: 35%
Magic:  3/3        EV: 10    Int: 10    God:
Gold:   36         SH:  0    Dex: 20    Spells: 2/2 levels left

rFire   + . .      SeeInvis .    a - +0 shortbow
rCold   + . .      Faith    .    (shield currently unavailable)
rNeg    . . .      Spirit   .    m - +0 scale mail {rF+}
rPois   .          Reflect  .    (no helmet)
rElec   .          Rampage  .    (no cloak)
rCorr   .                        (no gloves)
Will    +....                    d - +0 pair of boots
Stlth   ++                       j - amulet of regeneration
HPRegen 1.04/turn                f - ring of willpower
MPRegen 0.08/turn                k - ring of protection from cold

@: no status effects
A: small, no large weapons, nightstalker 3
a: no special abilities


You were on level 2 of the Dungeon.
You visited 1 branch of the dungeon, and saw 2 of its levels.

You collected 36 gold pieces.

Inventory:

Hand Weapons
 a - a +0 shortbow (weapon)
Armour
 c - a +0 leather armour
 d - a +0 pair of boots (worn)
 m - a +0 scale mail of fire resistance (worn)
Jewellery
 f - a ring of willpower (left hand)
 j - an amulet of regeneration (around neck)
 k - a ring of protection from cold (right hand)
Scrolls
 b - a scroll of immolation
 e - a scroll of magic mapping
Potions
 g - a potion of curing
 h - 2 potions of flight


   Skills:
 + Level 3.9 Fighting
 - Level 5.3 Ranged Weapons
 - Level 2.4 Dodging
 - Level 1.3 Stealth


You had 2 spell levels left.
You didn't know any spells.
Your spell library contained the following spells:

 Spells                   Type           Power      Damage    Failure   Level
 Necrotise                Necr           0%         1d4       98%         1
 Cigotuvi's Dreadful Rot  Necr/Pois/Air  0%         N/A       99%         2
 Ignite Poison            Fire/Tmut/Pois 0%         N/A       100%        3
 Vampiric Draining        Necr           0%         2d6       100%        3
 Agony                    Necr           0%         N/A       100%        5
 Freezing Cloud           Conj/Ice/Air   0%         6-21      100%        5


Dungeon Overview and Level Annotations

Branches:
Dungeon (2/15)

Altars:

Annotations:
D:2 Crazy Yiuf


Innate Abilities, Weirdness & Mutations

You are small and have problems with some larger weapons.
You are completely attuned to the shadows.


Message History

The endoplasm quivers.
You shoot an arrow. The arrow hits the endoplasm!
You kill the endoplasm!
No target in view!
You see here a +0 ring mail.
You enter the shallow water.
Moving in this stuff is going to be slow.
Found a stone staircase leading up.
There is a stone staircase leading up here.
Found a runed translucent door.
No target in view!
No target in view!
No target in view!
Found a hammer.
No reachable target in view!
You open the door. You shoot an arrow. The arrow hits Crazy Yiuf.
Crazy Yiuf shouts!
Crazy Yiuf is lightly wounded.
Crazy Yiuf says, "Ice illywillydillykilly sizzlefizz!"
Crazy Yiuf screams, "Cake canine hand!"
You shoot an arrow.
The arrow hits Crazy Yiuf but does no damage.
Crazy Yiuf is lightly wounded.
You shoot an arrow. The arrow closely misses Crazy Yiuf.
Crazy Yiuf hits you with a +3 quarterstaff of chaos!
Crazy Yiuf misses you.
You shoot an arrow. The arrow hits Crazy Yiuf!
Crazy Yiuf is heavily wounded.
Crazy Yiuf hits you but does no damage.
Crazy Yiuf hits you with a +3 quarterstaff of chaos.
You are too injured to fight recklessly!
You feel better.
Crazy Yiuf hits you with a +3 quarterstaff of chaos!
Ouch! That really hurt!
* * * LOW HITPOINT WARNING * * *
You resist with almost no effort.
You feel better.
Crazy Yiuf hits you with a +3 quarterstaff of chaos!
You die...

,,,*,,,,,,,,*,,,*,,,,,* *,#
*,,,,,,,,,,********************,#
****,,,,,,,* *,,,,,,,,*,#
,,,,,,,,,,,* ***** *,,,,,,,,*,#
,,,,,,,,,,** #..)# *,,,,,,,,*,*
,,,,,,,,,,,* #...# *,,,,,,,,+,*
,,,,,,,,,,** *...* ***,*,,,,***
,,,,,,,,,,* *#g#* *,,,,,,***
,,,,,,,,,,* ##@# **,,,,,,,*
,,,,*+*,*,* #.## *,,,,,,,*
*****+*,*,* ##.# **,,,,,,*
*,,,,,,*,* #.## ******,,,***
*,,,,,,*,* ##.## *,,,,,,,,,,,
**,,,,,,*,* #...## ***,,,,,,,,*
,,,,,,,,*,* #....# *,,,,,,,,*
,,,,,~~~+,* #....# ***,,,,,,,,*
~~~~~~,,*** ##+..+# *,+,,,,,,,,,


You could see Crazy Yiuf.

Vanquished Creatures
  3 ball pythons (D:1)
  3 bats (D:1)
  An endoplasm (D:2)
  2 giant cockroaches (D:1)
  3 goblins (D:1)
  3 hobgoblins (D:1)
  3 jackals (D:1)
  2 quokkas (D:1)
  2 frilled lizards (D:1)
  4 rats (D:1)
26 creatures vanquished.

Vanquished Creatures (others)
  A demonic plant (D:1)
1 creature vanquished.

Grand Total: 27 creatures vanquished

Notes
Turn   | Place    | Note
-------+----------+-------------------------------------------
     0 | D:1      | Newt the Kobold Hunter began the quest for the Orb.
     0 | D:1      | Reached XP level 1. HP: 12/12 MP: 1/1
   338 | D:1      | Reached XP level 2. HP: 18/18 MP: 2/2
   538 | D:1      | Reached XP level 3. HP: 22/23 MP: 3/3
   676 | D:1      | Noticed a Hell Sentinel
   680 | D:1      | Found a faded altar of an unknown god.
   981 | D:2      | Found a runed translucent door.
   984 | D:2      | Noticed Crazy Yiuf
   990 | D:2      | HP: 1/24 [Crazy Yiuf/+3 quarterstaff of chaos (15)]
   991 | D:2      | Slain by Crazy Yiuf

Illustrated notes

Levels and vault maps discovered:
D:1:      dpeg_cavernosity, layout_basic,
          dreamdust_ecumenical_altar_sealed_demon, feat_on_display
D:2:      layout_basic, serial_rivers, chequers_serial_rivers_micro_a,
          chequers_serial_rivers_small_a, chequers_serial_rivers_small_3,
          chequers_serial_rivers_small_b, minmay_tripent, uniq_terence,
          uniq_crazy_yiuf_cottage

Skill      XL: |  1  2 |
---------------+-------+-----
Fighting       | 3 |  3.9
Ranged Weapons | |  5.3
Dodging        | |  2.4
Stealth        | |  1.3

Action                     || total
---------------------------++-------
   Fire: Shortbow          ||    58
    Use: Scroll            ||     3
         Potion            ||     3
 Armour: Leather armour    ||    24
         Scale mail        ||     1
  Dodge: Dodged            ||    44

Table legend: (Time is in decaauts)
 A = Elapsed time spent in this place.
 B = Non-inter-level travel time spent in this place.
 C = Inter-level travel time spent in this place.
 D = Time resting spent in this place.
 E = Time spent auto-exploring this place.
 F = Levels seen in this place.
 G = Mean time per level.
                   A        B        C        D        E       F      G
               +--------+--------+--------+--------+--------+-----+--------+
         Total |   1009 |    930 |     79 |      0 |    777 |   2 |  504.5 |
       Dungeon |   1009 |    930 |     79 |      0 |    777 |   2 |  504.5 |
               +--------+--------+--------+--------+--------+-----+--------+

Top non-repeatable levels by time:
     D:1: 836 daAuts
     D:2: 173 daAuts
